 Dungeon Crawl Stone Soup version 0.28-a0-863-g8cecda6153 (webtiles) character file.

Game seed: 3413177990655176887

15738 Peloso the Carver (level 12, -4/106 HPs)
             Began as a Minotaur Fighter on Nov 17, 2021.
             Was a High Priest of Okawaru.
             Constricted to death by Jorgrun (8 damage)
             ... while petrified by Jorgrun
             ... on level 12 of the Dungeon.
             The game lasted 00:33:40 (14723 turns).

Peloso the Carver (Minotaur Fighter)               Turns: 14723, Time: 00:33:41

Health: -4/106     AC: 20    Str: 26    XL:     12   Next: 3%
Magic:  10/11      EV: -1    Int:  5    God:    Okawaru [*****.]
Gold:   1020       SH:  0    Dex: 13    Spells: 11/11 levels left

rFire   . . .      SeeInvis .   a - +1 long sword (protect)
rCold   . . .      Faith    .   c - +0 buckler
rNeg    + + +      Spirit   .   m - +0 plate armour
rPois   ∞          Reflect  .   f - +1 hat {Stlth+}
rElec   .          Harm     .   K - +2 cloak
rCorr   +          Rampage  .   (no gloves)
Will    +....                   (no boots)
Stlth   ..........              (no amulet)
HPRegen 0.27/turn               A - ring "Quozyasaaf" {Fly rN+ rCorr Str+3 Stlth+}
MPRegen 0.12/turn               p - ring of willpower

@: petrified, grasped by roots, flying, constricted, studying Crossbows
A: horns 2, retaliatory headbutt
a: Renounce Religion, Heroism, Finesse, Duel


You were on level 12 of the Dungeon.
You worshipped Okawaru.
Okawaru was extremely pleased with you.
You visited 2 branches of the dungeon, and saw 14 of its levels.
You also visited: Ossuary.

You collected 1020 gold pieces.

Inventory:

Hand Weapons
 a - a +1 long sword of protection (weapon)
 b - a +2 vampiric hand axe
 r - a +0 long sword of holy wrath
Armour
 c - a +0 buckler (worn)
 f - a +1 hat of stealth (worn)
 m - a +0 plate armour (worn)
 K - a +2 cloak (worn)
Jewellery
 p - a ring of willpower (right hand)
 A - the ring "Quozyasaaf" (left hand) {Fly rN+ rCorr Str+3 Stlth+}
   (You found it on level 8 of the Dungeon)

   [ring of flight]

   Str:       It affects your strength (+3).
   rN:        It protects you from negative energy.
   Fly:       It grants you flight.
   rCorr:     It protects you from acid and corrosion.
   Stlth:     It makes you more stealthy.
Wands
 n - a wand of polymorph (29)
 D - a wand of paralysis (18)
 F - a wand of flame (15)
 G - a wand of iceblast (9)
Scrolls
 d - a scroll of teleportation
 e - 3 scrolls of blinking
 g - 5 scrolls of enchant weapon
 j - 4 scrolls of amnesia
 o - 2 scrolls of magic mapping
 q - 10 scrolls of fog
 s - 2 scrolls of immolation
 y - 2 scrolls of fear
 z - 2 scrolls of identify
 B - a scroll of holy word
 E - a scroll of enchant armour
Potions
 i - 2 potions of flight
 k - 4 potions of heal wounds
 l - 3 potions of mutation
 u - 2 potions of magic {unknown}
 v - 6 potions of invisibility {unknown}
 w - 8 potions of curing {unknown}
 x - a potion of cancellation {unknown}
 C - a potion of might
 I - a potion of ambrosia
 J - a potion of resistance {unknown}
Miscellaneous
 H - a piece from Xom's chessboard (15/15)


   Skills:
 + Level 10.0 Fighting
 + Level 14.7 Long Blades
 + Level 12.7 Armour
 + Level 3.2 Dodging
 + Level 0.7 Stealth
 + Level 10.0 Shields
 + Level 1.2 Invocations
 + Level 0.5 Evocations


You had 11 spell levels left.
You didn't know any spells.
Your spell library contained the following spells:

 Spells                   Type           Power      Damage    Failure   Level
 Apportation              Tloc           0%         N/A       99%         1
 Sandblast                Erth           0%         2d4       99%         1
 Passwall                 Tmut/Erth      0%         N/A       99%         2
 Ignite Poison            Fire/Tmut/Pois 0%         N/A       100%        3
 Mephitic Cloud           Conj/Pois/Air  0%         N/A       100%        3
 Ozocubu's Armour         Ice            0%         N/A       100%        3
 Stone Arrow              Conj/Erth      0%         3d7       100%        3
 Petrify                  Tmut/Erth      0%         N/A       100%        4
 Alistair's Intoxication  Tmut/Pois      0%         N/A       100%        5
 Freezing Cloud           Conj/Ice/Air   0%         6-21      100%        5
 Metabolic Englaciation   Hex/Ice        0%         N/A       100%        5
 Statue Form              Tmut/Erth      0%         N/A       100%        6
 Simulacrum               Ice/Necr       Unusable   N/A       N/A         6

Dungeon Overview and Level Annotations

Branches:
Dungeon (13/15)            Temple (1/1) D:7            Lair (0/6) D:8
    Orc (0/2) D:10        Ossuary (visited)
 Vaults: D:13-14

Altars:
Ashenzari
Cheibriados
Elyvilon
Gozag
Makhleb
Nemelex Xobeh
Okawaru
Qazlal
Ru
Sif Muna
Trog
Vehumet
Wu Jian
Xom
Yredelemnul
The Shining One

Annotations:
D:12 Jorgrun


Innate Abilities, Weirdness & Mutations

You have a pair of horns on your head.
You reflexively headbutt those who attack you in melee.


Message History

Jorgrun hits you but does no damage. The grasping roots constrict you.
Your limbs are stiffening.
Unknown command.
You miss Jorgrun. You headbutt Jorgrun.
Jorgrun is severely wounded.
Jorgrun gestures next to you while chanting.
The wall shatters!
The blast of rock fragments hits you! The grasping roots constrict you.
Unknown command.
You slash Jorgrun!
Jorgrun is severely wounded.
Jorgrun hits you with a +0 vorpal quarterstaff.
The grasping roots constrict you.
You have turned to stone.
Jorgrun hits you but does no damage. The grasping roots constrict you!
Jorgrun hits you but does no damage. The grasping roots constrict you!
Jorgrun points at you and mumbles some strange words.
You easily resist.
The grasping roots constrict you.
Jorgrun hits you with a +0 vorpal quarterstaff!
The grasping roots constrict you!
* * * LOW HITPOINT WARNING * * *
You feel like a meek peon again.
Jorgrun hits you with a +0 vorpal quarterstaff!
* * * LOW HITPOINT WARNING * * *
x2 The grasping roots constrict you!
* * * LOW HITPOINT WARNING * * *
Jorgrun hits you with a +0 vorpal quarterstaff!
* * * LOW HITPOINT WARNING * * *
The grasping roots constrict you.
* * * LOW HITPOINT WARNING * * *
Jorgrun hits you but does no damage. The grasping roots constrict you.
* * * LOW HITPOINT WARNING * * *
Jorgrun hits you with a +0 vorpal quarterstaff!
* * * LOW HITPOINT WARNING * * *
The grasping roots constrict you.
* * * LOW HITPOINT WARNING * * *
Jorgrun gestures next to you while chanting.
The wall shatters!
The blast of rock fragments hits you.
* * * LOW HITPOINT WARNING * * *
The grasping roots constrict you!
You die...

#.............≈♣≈≈gP.....
#.............♣≈≈≈♣......
#.......(.......≈≈≈≈.....
#................≈......#
#........#....♣..♣.......
#........##....P....#....
#......#.###.....P. .....
#.....##g####...... .....
#......#@###....... .....
###........##........ .....
#≈PP.≈P≈≈≈.#...... .....
#P≈≈♣≈≈≈≈≈.≈...... ......
#≈P≈≈≈≈≈♣♣≈≈≈≈≈... .......
##≈.P≈≈≈♣♣≈≈≈≈.≈...........
#.##.≈.P≈≈♣♣≈P≈≈..........
#....#.PP♣♣≈≈≈P...........
###.##.PPP♣♣≈≈≈≈....#.....


You could see Jorgrun.

Vanquished Creatures
  Gastronok (D:10)
  Harold (D:8)
  An ogre mage (D:11)
  6 two-headed ogres (D:11)
  Nergalle (D:10)
  A manticore (D:11)
  An ugly thing (D:11)
  Joseph (D:10)
  3 gargoyles
  Psyche (D:8)
  2 trolls
  Grinder (D:4)
  2 hornets
  A wraith (D:11)
  A vampire (D:10)
  Sigmund (D:2)
  2 wyverns
  4 yaks (D:12)
  Grum (D:8)
  7 orc warriors
  A sky beast (D:7)
  2 ice beasts
  5 ogres
  A necrophage (D:5)
  A black bear (D:6)
  4 wolves (D:8)
  4 centaurs
  A phantom (D:5)
  Blork the orc (D:6)
  A wyvern zombie (D:5)
  A gnoll sergeant (D:12)
  3 bullfrogs
  A water moccasin zombie (D:7)
  2 wyvern skeletons
  A water moccasin skeleton (D:6)
  8 killer bees
  6 wights (D:7)
  3 electric eels (D:12)
  3 howler monkeys (D:12)
  A human zombie (Ossuary)
  2 jellies
  4 orc priests
  A hound (D:6)
  Crazy Yiuf (D:4)
  3 bullfrog skeletons
  A gnoll shaman (D:6)
  2 iguanas
  9 orc wizards
  A scorpion zombie (D:5)
  2 hound skeletons
  6 mummies (Ossuary)
  A howler monkey zombie (D:9)
  12 gnolls
  11 adders
  2 worms
  2 dart slugs
  38 orcs
  2 bats (D:1)
  8 endoplasms
  4 giant cockroaches
  3 gnoll zombies (Ossuary)
  5 goblins
  6 hobgoblins
  8 kobolds
  6 quokkas
  5 ball pythons
  A frilled lizard (D:1)
  A goblin zombie (Ossuary)
  A kobold zombie (Ossuary)
  2 orc zombies (Ossuary)
  5 rats
244 creatures vanquished.

Vanquished Creatures (others)
  54 plants
54 creatures vanquished.

Grand Total: 298 creatures vanquished

Notes
Turn   | Place    | Note
-------+----------+-------------------------------------------
     0 | D:1      | Peloso the Minotaur Fighter began the quest for the Orb.
     0 | D:1      | Reached XP level 1. HP: 19/19 MP: 0/0
   102 | D:1      | Found a faded altar of an unknown god.
   211 | D:1      | Reached XP level 2. HP: 27/27 MP: 1/1
   899 | D:2      | Noticed Sigmund
   913 | D:2      | Killed Sigmund
   914 | D:2      | Reached skill level 4 in Long Blades
   914 | D:2      | Reached XP level 3. HP: 26/34 MP: 2/2
   914 | D:2      | Reached XP level 4. HP: 32/41 MP: 3/3
   914 | D:2      | Reached XP level 5. HP: 36/47 MP: 4/4
  1150 | D:2      | Reached skill level 5 in Shields
  1678 | D:4      | Noticed an ogre
  1685 | D:3      | Killed an ogre
  1686 | D:3      | Reached skill level 5 in Armour
  1686 | D:3      | Reached skill level 1 in Dodging
  1686 | D:3      | Reached XP level 6. HP: 15/53 MP: 5/5
  2107 | D:4      | Reached skill level 5 in Long Blades
  3192 | D:4      | Noticed Grinder
  3203 | D:4      | Paralysed by Grinder for 4 turns
  3709 | D:5      | Entered Level 5 of the Dungeon
  3991 | D:4      | Reached XP level 7. HP: 60/60 MP: 6/6
  3994 | D:4      | Reached skill level 5 in Fighting
  4234 | D:4      | Killed Grinder
  4235 | D:4      | Reached skill level 6 in Long Blades
  4321 | D:4      | Found a runed translucent door.
  4322 | D:4      | Noticed Crazy Yiuf
  4330 | D:4      | Killed Crazy Yiuf
  4867 | D:5      | Reached skill level 7 in Long Blades
  4878 | D:5      | Reached XP level 8. HP: 40/70 MP: 7/7
  5260 | D:5      | Reached skill level 8 in Long Blades
  5498 | D:6      | Noticed Blork the orc
  5510 | D:6      | Killed Blork the orc
  5552 | D:6      | Reached skill level 9 in Long Blades
  5582 | D:6      | Found a sand-covered staircase.
  5601 | Ossuary  | Entered an ossuary
  6280 | Ossuary  | Reached XP level 9. HP: 75/78 MP: 8/8
  6569 | D:6      | Reached skill level 10 in Long Blades
  7893 | D:7      | Reached skill level 11 in Long Blades
  7962 | D:7      | Found a staircase to the Ecumenical Temple.
  7969 | Temple   | Entered the Ecumenical Temple
  7977 | Temple   | Became a worshipper of Warmaster Okawaru
  8639 | D:8      | Noticed Harold
  8652 | D:8      | Killed Harold
  8652 | D:8      | Reached * piety under Okawaru
  8653 | D:8      | Reached XP level 10. HP: 76/86 MP: 9/9
  8755 | D:8      | Noticed Psyche
  8765 | D:8      | Killed Psyche
  8773 | D:8      | Identified the ring "Quozyasaaf" {Fly rN+ rCorr Str+3
                  | Stlth+}
  8865 | D:8      | Found a radiant altar of Vehumet.
  9044 | D:8      | Noticed Grum
  9055 | D:8      | Reached skill level 12 in Long Blades
  9075 | D:8      | Killed Grum
  9331 | D:8      | Found a staircase to the Lair.
  9801 | D:9      | Paralysed by a hornet for 1 turns
 10220 | D:9      | Reached skill level 10 in Armour
 10327 | D:9      | You are sucked into a shaft and drop 3 floors!
 10377 | D:12     | Noticed Jorgrun
 10708 | D:12     | Reached ** piety under Okawaru
 10999 | D:10     | Entered Level 10 of the Dungeon
 11010 | D:10     | Noticed a gargoyle
 11022 | D:10     | Killed a gargoyle
 11023 | D:10     | Reached skill level 13 in Long Blades
 11089 | D:10     | Paralysed by a hornet for 3 turns
 11116 | D:10     | Noticed a gargoyle
 11282 | D:11     | Reached XP level 11. HP: 55/95 MP: 10/10
 11451 | D:10     | Reached *** piety under Okawaru
 11557 | D:10     | You are sucked into a shaft and drop 3 floors!
 11557 | D:13     | Noticed a centaur warrior
 11559 | D:13     | Noticed a two-headed ogre
 11900 | D:10     | Noticed Joseph
 11904 | D:10     | Killed Joseph
 11990 | D:10     | Noticed Nergalle
 12007 | D:10     | Killed Nergalle
 12183 | D:10     | Noticed Gastronok
 12214 | D:10     | Killed Gastronok
 12268 | D:10     | Found a staircase to the Orcish Mines.
 12606 | D:11     | Noticed a two-headed ogre
 12606 | D:11     | Noticed a two-headed ogre
 12606 | D:11     | Noticed a two-headed ogre
 12606 | D:11     | Noticed a two-headed ogre
 12617 | D:11     | Killed a two-headed ogre
 12620 | D:11     | Noticed a two-headed ogre
 12620 | D:11     | Noticed a two-headed ogre
 12620 | D:11     | Noticed an ogre mage
 12622 | D:11     | Killed a two-headed ogre
 12681 | D:11     | Killed a two-headed ogre
 12681 | D:11     | Reached **** piety under Okawaru
 12682 | D:11     | Reached skill level 14 in Long Blades
 12886 | D:11     | Killed an ogre mage
 12887 | D:11     | Reached skill level 1 in Invocations
 12895 | D:11     | Killed a two-headed ogre
 13071 | D:11     | Killed a two-headed ogre
 13401 | D:11     | Found an opulent altar of Gozag.
 13778 | D:11     | Killed a two-headed ogre
 13778 | D:11     | Reached ***** piety under Okawaru
 13779 | D:11     | Reached skill level 10 in Shields
 13950 | D:11     | Noticed a red ugly thing
 13958 | D:11     | Killed a red ugly thing
 13959 | D:11     | Reached skill level 10 in Fighting
 13959 | D:11     | Reached XP level 12. HP: 78/106 MP: 11/11
 14722 | D:12     | HP: 5/106 [constriction (2)]
 14723 | D:12     | Constricted to death by Jorgrun

Illustrated notes

Levels and vault maps discovered:
D:1:      evilmike_arrival_crescent, layout_basic, shapermc_ecumenical_altar_gd,
          hex_large
D:2:      layout_loops_cross, minmay_misc_feat_nine_boxes, uniq_sigmund
D:3:      layout_basic, st_stairs_1, hex_medium, kennysheep_boxes
D:4:      layout_loops_ring, serial_glass, glass_columns_a, glass_columns_a,
          glass_columns_b, glass_columns_c, feat_on_display, uniq_grinder,
          uniq_crazy_yiuf_cottage
D:5:      nicolae_cairo_tiling_very_big, layout_cave_pods
D:6:      layout_cave_pools, nicolae_ossuary_entry_monument, uniq_blork_the_orc
D:7:      layout_basic, minmay_temple_entry_statues_pillars
D:8:      layout_cave_pools, nicolae_vehumet_radiance, dpeg_oklobed_lair,
          uniq_harold, uniq_grum, uniq_psyche
D:9:      layout_small_grid
D:10:     layout_basic, orc_0_dummy, uniq_gastronok, uniq_nergalle, uniq_joseph
D:11:     layout_loops_ring, grunt_gozag_statues
D:12:     layout_big_octagon, serial_bayou, serial_bayou_pond_c,
          serial_bayou_pond_a, serial_bayou_lagoon_a, serial_bayou_pond_a,
          chequers_serial_rivers_small_b, the_hattery, uniq_jorgrun
D:13:     minmay_goldmine, layout_rooms, hangedman_vaults_entry_quadrant_bands,
          uniq_urug
Temple:   dpeg_three_leaves_temple

Skill      XL: |  1  2  3  4  5  6  7  8  9 10 11 |
---------------+----------------------------------+-----
Shields        | 4 5 6 7 9 10 | 10.0
Armour         | 4 5 6 7 9 10 12 | 12.7
Fighting       | 4 5 6 7 8 10 | 10.0
Long Blades    | 4 5 7 9 11 13 14 | 14.7
Dodging        | 1 2 3 |  3.2
Invocations    | 1 |  1.2
Stealth        | |  0.7
Evocations     | |  0.5

Action                   |  1- 3 |  4- 6 |  7- 9 | 10-12 || total
-------------------------+-------+-------+-------+-------++-------
Melee: Long sword        |    47 |   128 |   382 |   381 ||   938
       Headbutt          |     4 |    25 |    66 |    99 ||   194
Throw: Throwing net      |       |       |       |     2 ||     2
Invok: Heroism           |       |       |       |     7 ||     7
Evoke: Wand              |       |       |       |     4 ||     4
  Use: Potion            |     1 |       |       |       ||     1
       Scroll            |       |    13 |     5 |     5 ||    23
Armor: Scale mail        |    33 |    47 |       |       ||    80
       Chain mail        |       |     1 |    11 |       ||    12
       Plate armour      |       |       |   241 |   196 ||   437
Dodge: Dodged            |    21 |    60 |   101 |   107 ||   289
Block: Buckler           |    17 |    31 |    85 |   106 ||   239

Table legend: (Time is in decaauts)
 A = Elapsed time spent in this place.
 B = Non-inter-level travel time spent in this place.
 C = Inter-level travel time spent in this place.
 D = Time resting spent in this place.
 E = Time spent auto-exploring this place.
 F = Levels seen in this place.
 G = Mean time per level.
                   A        B        C        D        E       F      G
               +--------+--------+--------+--------+--------+-----+--------+
         Total |  14667 |  14427 |    240 |   3493 |   7654 |  15 |  977.8 |
       Dungeon |  13835 |  13595 |    240 |   2944 |   7654 |  13 | 1064.2 |
        Temple |     16 |     16 |      0 |      0 |      0 |   1 |   16.0 |
       Ossuary |    815 |    815 |      0 |    549 |      0 |   1 |  815.0 |
               +--------+--------+--------+--------+--------+-----+--------+

Top non-repeatable levels by time:
    D:11: 1868 daAuts
     D:3: 1857 daAuts
     D:7: 1636 daAuts
    D:10: 1253 daAuts
    D:12: 1075 daAuts
     D:4: 1039 daAuts
     D:5: 991 daAuts
     D:8: 905 daAuts
     D:9: 905 daAuts
     D:1: 867 daAuts
 Ossuary: 815 daAuts
     D:2: 743 daAuts
     D:6: 688 daAuts
  Temple: 16 daAuts
    D:13: 2 daAuts
